 Dungeon Crawl Stone Soup version 0.29.0-15-g675c0067aa (webtiles) character file.

Game seed: 14862178885231290046

1936 qw the Cleaver (level 9, 1/1 (55) HPs)
             Began as a Gargoyle Fighter on Sept 11, 2022.
             Tarried too long and was consumed by Zot
             ... on level 5 of the Dungeon.
             The game lasted 00:06:47 (32894 turns).

qw the Cleaver (Gargoyle Fighter)                  Turns: 32894, Time: 00:06:48

HP:   1/1 (55)      AC: 21    Str: 23    XL:     9   Next: 18%
MP:   9/9           EV:  6    Int: 10    God:
Gold: 215           SH:  4    Dex:  9    Spells: 8/8 levels left

rFire   + . .      SeeInvis +   Y - +2 war axe
rCold   . . .      Faith    .   c - +0 buckler
rNeg    + . .      Spirit   +   p - +0 plate armour
rPois   inf        Reflect  .   j - +0 helmet
rElec   +          Harm     .   (no cloak)
rCorr   .          Rampage  .   (no gloves)
Will    .....                   q - +0 pair of boots
Stlth   ..........              b - amulet of guardian spirit
HPRegen 0.01/turn               r - ring of protection from fire
MPRegen 0.11/turn               g - ring of see invisible

@: extremely drained, bezotted and risking death
A: sickness immunity, AC +6, negative energy resistance 1, electricity
resistance, torment resistance 1, petrification resistance
a: no special abilities


You were on level 5 of the Dungeon.
You visited 1 branch of the dungeon, and saw 5 of its levels.

You collected 215 gold pieces.


Innate Abilities, Weirdness & Mutations

You are immune to sickness and miasma.
Your stone body is resilient. (AC +6)
You are immune to poison.
You resist negative energy. (rN+)
You are resistant to electric shocks. (rElec)
You are resistant to unholy torment.
You are immune to petrification.


   Skills:
 - Level 6.2 Fighting
 + Level 8.4 Axes
 - Level 1.6 Throwing
 - Level 6.0 Armour
 - Level 1.8 Dodging
 - Level 3.2 Shields


You had 8 spell levels left.
You didn't know any spells.
Your spell library was empty.

Inventory:

Hand Weapons
 a - a +0 flail
 Y - a +2 war axe (weapon)
Missiles
 n - 3 boomerangs (quivered)
Armour
 c - a +0 buckler (worn)
 j - a +0 helmet (worn)
 p - a +0 plate armour (worn)
 q - a +0 pair of boots (worn)
Jewellery
 b - an amulet of guardian spirit (around neck)
 g - a ring of see invisible (right hand)
 r - a ring of protection from fire (left hand)
Scrolls
 e - a scroll of teleportation
 o - a scroll of identify
Potions
 d - 2 potions of might
 f - a potion of haste
 i - 3 potions of curing
 m - 2 potions of lignification
 s - a potion of degeneration {unknown}

Dungeon Overview and Level Annotations

Branches:
Dungeon (5/15) Zot: 0! Temple: D:4-7 You are so drained that the power of Zot will kill you!

Altars:
Elyvilon
Kikubaaqudgha
Okawaru
Xom
Zin
The Shining One

Annotations:
D:5 3 runed translucent doors, qw's ghost, weakling GrDe


Message History

Could not explore, unopened runed door.
Qw's ghost whispers, "Death doesn't hurt.
What you feel is life."
You see here a +0 troll leather armour.
There is an iron altar of Okawaru here.
Press < or > to pray at altars.
Press < or > to pray at altars.
Press < or > to pray at altars.
You see here a +0 troll leather armour.
You see here a potion of berserk rage.
Could not explore, unopened runed door.
You see here a +0 troll leather armour.
There is an iron altar of Okawaru here.
Press < or > to pray at altars.
Press < or > to pray at altars.
Press < or > to pray at altars.
You see here a +0 troll leather armour.
Zot has nearly found you.
Death is approaching.
Descend or flee this branch!
Qw's ghost whispers, "Be very very quiet, I'm hunting Gargoyles."
You see here a potion of berserk rage.
Could not explore, unopened runed door.
You see here a +0 troll leather armour.
There is an iron altar of Okawaru here.
Press < or > to pray at altars.
Press < or > to pray at altars.
Press < or > to pray at altars.
You see here a +0 troll leather armour.
The white imp puffs mist at you.
You see here a potion of berserk rage.
Could not explore, unopened runed door.
The white imp spits at you.
You see here a +0 troll leather armour.
There is an iron altar of Okawaru here.
Press < or > to pray at altars.
Press < or > to pray at altars.
Press < or > to pray at altars.
You see here a +0 troll leather armour.
The white imp shouts, "Take thy face hence, thou loggerheaded weather-bitten mammet!"
Qw's ghost says, "You will join me soon!"
Zot touches you for a single instant, and you cease to be.
You die...

#...#.......#.....# #.#
######...#..$:...#.....#####.####
....##...#.#...#.#.....#...#.....
.........#..#.#..#.....#.#.######
....###..#.#...#5#..............#
....# #..#....!.o#..##....#####.#
....###..#....coW#..##....# #.#
.........###+++###..##....# #.#
...####........!@...##.#### #.#
...# #.............##.# #.# ...#
##.###.##..#####.# #.[ .#.#
#......<..# #.# ### ...#
#########.# #.# # _..# #.# #.#
..## #.#####.# .## #.......# ##
#########


You could see a centaur, qw's ghost, a white imp and 2 orcs.

Vanquished Creatures
  2 trolls (D:5)
  Grinder (D:4)
  2 black bears (D:4)
  4 ogres
  A phantom (D:4)
  2 necrophages
  2 scorpions
  A howler monkey (D:5)
  An orc priest (D:5)
  2 hounds (D:5)
  2 jellies (D:5)
  2 iguanas (D:5)
  An orc wizard (D:5)
  Robin (D:3)
  4 gnolls (D:5)
  5 adders
  A white imp (D:5)
  4 worms
  3 dart slugs
  14 orcs
  5 ball pythons
  7 endoplasms
  3 giant cockroaches
  17 goblins
  9 hobgoblins
  2 quokkas
  5 bats
  4 frilled lizards
  6 kobolds
  8 rats
121 creatures vanquished.

Vanquished Creatures (others)
  An angel (D:5)
  An adder (D:5)
2 creatures vanquished.

Grand Total: 123 creatures vanquished

Notes
Turn   | Place    | Note
-------+----------+-------------------------------------------
     0 | D:1      | qw the Gargoyle Fighter began the quest for the Orb.
     0 | D:1      | Reached XP level 1. HP: 14/14 MP: 1/1
     0 | D:1      | 0 ||| qw: Version: 0.1-a-119-g272c26d
     0 | D:1      | 0 ||| qw: Game counter: 10660
     0 | D:1      | 0 ||| qw: Always use a shield: true
     0 | D:1      | 0 ||| qw: God list: Okawaru
     0 | D:1      | 0 ||| qw: Allow faded altars: false
     0 | D:1      | 0 ||| qw: Do Orc after D:15 true
     0 | D:1      | 0 ||| qw: Do second Lair branch before Depths: true
     0 | D:1      | 0 ||| qw: Lair rune preference: random
     0 | D:1      | 0 ||| qw: Plans: Normal, Zot, God:TSO, Crypt, Tomb, Pan,
                  | Slime, Hells, Zig, Abyss, Orb
     0 | D:1      | 0 ||| PLANNING D:1-11
    37 | D:1      | 37 ||| DROPPING +0 club.
    45 | D:1      | Reached skill level 2 in Axes
   144 | D:1      | Reached XP level 2. HP: 19/19 MP: 2/2
   349 | D:1      | 349 ||| Stepping ~*~*~tactically~*~*~ (hiding).
   656 | D:1      | 656 ||| READING 2 scrolls labelled RAENGY CAOCUGO.
   657 | D:1      | 657 ||| READING scroll of enchant weapon.
   657 | D:1      | 657 ||| ENCHANTING +1 war axe.
   658 | D:1      | 658 ||| READING scroll labelled NEMEZE XOJY.
   659 | D:1      | 659 ||| DRINKING 2 viscous ruby potions.
   724 | D:2      | Reached skill level 3 in Axes
   724 | D:2      | Reached XP level 3. HP: 23/23 MP: 3/3
   813 | D:2      | 813 ||| DROPPING +0 mace.
   988 | D:2      | Found a faded altar of an unknown god.
  1648 | D:2      | Reached XP level 4. HP: 28/28 MP: 4/4
  1940 | D:2      | 1940 ||| DROPPING +6 ring of intelligence.
  1941 | D:2      | 1941 ||| DROPPING ring of wizardry.
  1942 | D:2      | 1942 ||| READING scroll labelled KEIR FYUNASANK.
  1943 | D:2      | 1943 ||| READING scroll labelled TECZOCI OTRIBRYCW.
  1944 | D:2      | 1944 ||| DRINKING 3 glowing black potions.
  2052 | D:3      | 2052 ||| Stepping ~*~*~tactically~*~*~ (stealth).
  2061 | D:3      | Reached skill level 4 in Axes
  2084 | D:3      | 2084 ||| Stepping ~*~*~tactically~*~*~ (stealth).
  2085 | D:3      | 2085 ||| Stepping ~*~*~tactically~*~*~ (stealth).
  2085 | D:3      | Found an ancient bone altar of Kikubaaqudgha.
  2086 | D:3      | 2086 ||| Stepping ~*~*~tactically~*~*~ (stealth).
  2090 | D:3      | 2090 ||| Stepping ~*~*~tactically~*~*~ (stealth).
  2111 | D:3      | 2111 ||| Stepping ~*~*~tactically~*~*~ (hiding).
  2127 | D:3      | Noticed Robin
  2128 | D:3      | 2128 ||| Stepping ~*~*~tactically~*~*~ (hiding).
  2129 | D:3      | 2129 ||| Stepping ~*~*~tactically~*~*~ (hiding).
  2135 | D:3      | Killed Robin
  2875 | D:3      | Found a glowing golden altar of the Shining One.
  2932 | D:3      | 2932 ||| UPGRADING to +0 chain mail.
  2942 | D:3      | 2942 ||| DROPPING +0 scale mail.
  2943 | D:3      | 2943 ||| UPGRADING to +0 helmet.
  2948 | D:3      | 2948 ||| UPGRADING to +0 plate armour.
  2958 | D:3      | 2958 ||| DROPPING +0 chain mail.
  2959 | D:3      | 2959 ||| UPGRADING to ring of protection from fire.
  2960 | D:3      | 2960 ||| READING scroll labelled MOKKOD TIKUOR.
  2965 | D:3      | 2965 ||| DRINKING 2 white potions.
  2966 | D:3      | 2966 ||| READING 2 scrolls of identify.
  2966 | D:3      | 2966 ||| IDENTIFYING pink potion
  2967 | D:3      | 2967 ||| DROPPING potion of ambrosia.
  2999 | D:4      | 2999 ||| PLANNING OSSUARY
  3085 | D:4      | Reached XP level 5. HP: 32/32 MP: 5/5
  3147 | D:4      | Found a glowing drain.
  3161 | D:4      | 3161 ||| Stepping ~*~*~tactically~*~*~ (water).
  3256 | D:4      | Noticed a black bear
  3265 | D:4      | Killed a black bear
  3266 | D:4      | Reached skill level 5 in Axes
  3271 | D:4      | Reached XP level 6. HP: 31/37 MP: 6/6
  3452 | D:4      | 3452 ||| Stepping ~*~*~tactically~*~*~ (stealth).
  3455 | D:4      | 3455 ||| Stepping ~*~*~tactically~*~*~ (stealth).
  3457 | D:4      | 3457 ||| Stepping ~*~*~tactically~*~*~ (stealth).
  3479 | D:4      | 3479 ||| Stepping ~*~*~tactically~*~*~ (stealth).
  3480 | D:4      | 3480 ||| Stepping ~*~*~tactically~*~*~ (stealth).
  3570 | D:4      | 3570 ||| Stepping ~*~*~tactically~*~*~ (stealth).
  3654 | D:4      | Reached skill level 6 in Axes
  3706 | D:4      | Reached XP level 7. HP: 36/43 MP: 7/7
  3825 | D:4      | Noticed Grinder
  3826 | D:4      | 3826 ||| Stepping ~*~*~tactically~*~*~ (stealth).
  3833 | D:4      | HP: 5/43 [Grinder/nerve-wracking pain (6)]
  3834 | D:4      | 3834 ||| DRINKING potion of heal wounds.
  3834 | D:4      | Paralysed by Grinder for 4 turns
  3840 | D:4      | Killed Grinder
  3841 | D:4      | Reached skill level 7 in Axes
  4181 | D:4      | 4181 ||| RIP OSSUARY
  4181 | D:4      | 4181 ||| RIP SEWER
  4181 | D:4      | 4181 ||| PLANNING D:1-11
  4181 | D:4      | 4181 ||| UPGRADING to amulet of guardian spirit.
  4186 | D:4      | 4186 ||| UPGRADING to ring of see invisible.
  4187 | D:4      | 4187 ||| DRINKING 3 amethyst potions.
  4188 | D:4      | 4188 ||| READING 2 scrolls of identify.
  4188 | D:4      | 4188 ||| IDENTIFYING fizzy black potion
  4189 | D:4      | 4189 ||| DROPPING 2 potions of brilliance.
  4226 | D:5      | Entered Level 5 of the Dungeon
  4227 | D:5      | Found a runed translucent gate.
  4227 | D:5      | Found a runed translucent gate.
  4227 | D:5      | Found a runed translucent gate.
  4228 | D:5      | Noticed qw's ghost (weakling GrDe)
  4257 | D:5      | Found an iron altar of Okawaru.
  4257 | D:5      | Noticed a troll
  4264 | D:5      | Killed a troll
  4265 | D:5      | Reached skill level 6 in Fighting
  4265 | D:5      | Reached XP level 8. HP: 37/51 MP: 5/8
  4359 | D:5      | Found a glowing silver altar of Zin.
  4367 | D:5      | Noticed an angel
  4370 | D:5      | Found a shimmering altar of Xom.
  4371 | D:5      | 4371 ||| Stepping randomly (stuck).
  4372 | D:5      | 4372 ||| Stepping randomly (stuck).
  4446 | D:5      | Reached skill level 1 in Dodging
  4579 | D:5      | Reached skill level 1 in Throwing
  4621 | D:5      | 4621 ||| Stepping ~*~*~tactically~*~*~ (stealth).
  4623 | D:5      | 4623 ||| Stepping ~*~*~tactically~*~*~ (stealth).
  4640 | D:5      | 4640 ||| Stepping ~*~*~tactically~*~*~ (stealth).
  4643 | D:5      | 4643 ||| Stepping ~*~*~tactically~*~*~ (stealth).
  4652 | D:5      | 4652 ||| Stepping ~*~*~tactically~*~*~ (stealth).
  4653 | D:5      | 4653 ||| Stepping ~*~*~tactically~*~*~ (stealth).
  4665 | D:5      | HP: 10/51 [gnoll/+0 halberd (4)]
  4666 | D:5      | 4666 ||| DRINKING potion of heal wounds.
  4827 | D:5      | Reached skill level 8 in Axes
  4833 | D:5      | 4833 ||| Stepping ~*~*~tactically~*~*~ (stealth).
  4834 | D:5      | 4834 ||| Stepping ~*~*~tactically~*~*~ (stealth).
  4835 | D:5      | 4835 ||| Stepping ~*~*~tactically~*~*~ (stealth).
  4836 | D:5      | 4836 ||| Stepping ~*~*~tactically~*~*~ (stealth).
  5019 | D:5      | Noticed a troll
  5031 | D:5      | Killed a troll
  5032 | D:5      | Reached skill level 6 in Armour
  5032 | D:5      | Reached XP level 9. HP: 23/55 MP: 3/9
  5208 | D:5      | Found a white marble altar of Elyvilon.
  5809 | D:5      | 5809 ||| UPGRADING to +0 pair of boots.
  5814 | D:5      | 5814 ||| READING scroll labelled KEAZXO UXZO.
  5815 | D:5      | 5815 ||| READING scroll labelled USTUGG XOURPHIGOU.
  5816 | D:5      | 5816 ||| READING 2 scrolls of identify.
  5816 | D:5      | 5816 ||| IDENTIFYING fizzy silvery potion
  5817 | D:5      | 5817 ||| DROPPING potion of berserk rage.
  7098 | D:5      | Killed an angel
 28894 | D:5      | Glimpsed the power of Zot.
 29394 | D:5      | Glimpsed the power of Zot.
 29794 | D:5      | Glimpsed the power of Zot.
 29894 | D:5      | Touched by the power of Zot.
 29895 | D:5      | Glimpsed the power of Zot.
 30395 | D:5      | Glimpsed the power of Zot.
 30795 | D:5      | Glimpsed the power of Zot.
 30894 | D:5      | Touched by the power of Zot.
 30895 | D:5      | Glimpsed the power of Zot.
 31395 | D:5      | Glimpsed the power of Zot.
 31795 | D:5      | Glimpsed the power of Zot.
 31894 | D:5      | Touched by the power of Zot.
 31895 | D:5      | Glimpsed the power of Zot.
 32395 | D:5      | Glimpsed the power of Zot.
 32795 | D:5      | Glimpsed the power of Zot.
 32894 | D:5      | Tarried too long and was consumed by Zot

Levels and vault maps discovered:
D:1:      dpeg_arrival_lava_temple_mockup, layout_rooms
D:2:      layout_loops_corners, shapermc_ecumenical_altar_totnotflames
D:3:      layout_loops_ring, nicolae_kikubaaqudgha_miasma_corner,
          tso_oasis_becter, uniq_robin
D:4:      layout_loops_ring, nicolae_ossuary_entry_plus,
          cheibrodos_sewer_entry_bend, corexii_leaking_fountain, uniq_grinder
D:5:      layout_basic, grunt_temple_overflow_order_and_chaos_1,
          gammafunk_ghost_split, hangedman_feature_mirror, grunt_tough_drop

Skill      XL: |  1  2  3  4  5  6  7  8 |
---------------+-------------------------+-----
Axes           | 2 3 4 5 6 7 8 |  8.4
Fighting       | 4 6 |  6.2
Armour         | 4 6 |  6.0
Dodging        | 1 |  1.8
Throwing       | 1 |  1.6
Shields        | |  3.2

Action                   |  1- 3 |  4- 6 |  7- 9 || total
-------------------------+-------+-------+-------++-------
Melee: War axe           |    97 |   127 |   113 ||   337
Throw: Boomerang         |     4 |    50 |    30 ||    84
  Use: Scroll            |     3 |     4 |     4 ||    11
       Potion            |     1 |     2 |     3 ||     6
Armor: Scale mail        |    44 |    17 |       ||    61
       Plate armour      |       |    58 |    60 ||   118
Dodge: Dodged            |    46 |    35 |    28 ||   109
Block: Buckler           |    10 |    20 |    13 ||    43

Table legend:
 A = Non-vault XP
 B = Vault XP
 C = Vault XP percentage of total XP
 D = Non-vault monster count
 E = Vault monster count
 F = Vault count percentage of total count
                 A         B        C        D         E       F
            +---------+---------+-------+---------+---------+-------
      Total |    1724 |    1043 |  37.7 |      98 |      23 |  19.0
            +---------+---------+-------+---------+---------+-------
        D:1 |      26 |       0 |   0.0 |      15 |       0 |   0.0
        D:2 |      63 |       0 |   0.0 |      23 |       0 |   0.0
        D:3 |      39 |      35 |  47.3 |      15 |      11 |  42.3
        D:4 |     725 |     282 |  28.0 |      22 |       4 |  15.4
        D:5 |     871 |     726 |  45.5 |      23 |       8 |  25.8
            +---------+---------+-------+---------+---------+-------
